 Dungeon Crawl Stone Soup version 0.24-a0-769-g368c1644f8 (webtiles) character file.

Game seed: 10612857048675579710, levelgen mode: deterministic

317 Erlindor the Sneak (level 6, -4/28 HPs)
             Began as a Vine Stalker Enchanter on Oct 6, 2019.
             Was a Follower of Vehumet.
             Slain by a gnoll
             ... wielding a +0 halberd
              (9 damage)
             ... on level 3 of the Dungeon.
             The game lasted 00:18:50 (5618 turns).

Erlindor the Sneak (Vine Stalker Enchanter)         Turns: 5618, Time: 00:18:50

Health: -4/28      AC:  2    Str: 10    XL:     6   Next: 45%
Magic:  0/12       EV: 11    Int: 17    God:    Vehumet [*.....]
Gold:   177        SH:  3    Dex: 15    Spells: 6/12 levels left

rFire    . . .     SeeInvis .   a - +0 dagger (freeze)
rCold    . . .     Gourm    .   e - +0 buckler
rNeg     . . .     Faith    .   b - +0 robe
rPois    +         Spirit   +   (no helmet)
rElec    .         Reflect  .   (no cloak)
rCorr    .         Harm     .   (no gloves)
MR       .....                  (no boots)
Stlth    +++.......             (no amulet)
HPRegen  0.49/turn              m - ring of poison resistance
MPRegen  0.13/turn              (no ring)

@: no status effects
A: fangs 2, regeneration 1, magic shield, antimagic bite, no potion heal 3, rot
immunity
a: Renounce Religion


You were on level 3 of the Dungeon.
You worshipped Vehumet.
Vehumet was aware of your devotion.
You were not hungry.

You visited 1 branch of the dungeon, and saw 3 of its levels.

You collected 177 gold pieces.

Inventory:

Hand Weapons
 a - a +0 dagger of freezing (weapon)
Missiles
 f - 142 stones (quivered)
 h - 4 curare-tipped darts
 i - 50 poisoned darts
Armour
 b - a +0 robe (worn)
 e - a +0 buckler (worn)
 j - a +2 large shield
Jewellery
 g - a +1 ring of protection {unknown}
 m - a ring of poison resistance (left hand)
Wands
 r - a wand of iceblast (10)
Scrolls
 c - a scroll of amnesia {unknown}
 q - a scroll of fear
 u - 2 scrolls of identify
 v - a scroll of enchant weapon {unknown}
 y - a scroll of random uselessness {unknown}
Potions
 k - 5 potions of curing {unknown}
 l - a potion of flight {unknown}
 n - a potion of degeneration {unknown}
 o - a potion of lignification {unknown}
 p - a potion of berserk rage {unknown}
 s - a potion of invisibility {unknown}
 t - 2 potions of agility {unknown}
 x - 2 potions of ambrosia
Comestibles
 d - 6 rations
 w - 2 chunks of flesh


   Skills:
 + Level 2.8 Short Blades
 - Level 1.5 Dodging
 - Level 5.0 Stealth
 + Level 3.7 Spellcasting
 + Level 4.2 Hexes
 + Level 1.8 Ice Magic


You had 6 spell levels left.
You knew the following spells:

 Your Spells              Type           Power        Failure   Level  Hunger
a - Corona                Hex            ###....      4%          1    None
b - Ensorcelled Hibernat  Hex/Ice        ##....       12%         2    ##.....
c - Confuse               Hex            ###.....     14%         3    ###....

Your spell library contained the following spells:

 Spells                   Type           Power        Failure   Level  Hunger
 Shock                    Conj/Air       #...         26%         1    None
 Tukima's Dance           Hex            ###.....     14%         3    ###....
 Dazzling Spray           Conj/Hex       ##....       34%         3    ###....


Dungeon Overview and Level Annotations

Branches:
Dungeon (3/15)

Altars:
Dithmenos
Hepliaklqana
Trog
Vehumet
Zin


Innate Abilities, Weirdness & Mutations

You have extremely sharp teeth.
Your natural rate of healing is unusually fast.
When hurt, damage is shared between your health and your magic reserves.
Your bite disrupts and absorbs the magic of your enemies.
Potions cannot restore your health.
You are immune to rotting.


Message History

The helpless gnoll shaman fails to defend itself.
You impale the gnoll shaman!! You freeze the gnoll shaman!
You kill the gnoll shaman!
Vehumet accepts your kill.
The gnoll hits you from afar with a +0 halberd!
* * * LOW HITPOINT WARNING * * *
Items here: ))) [[ a +0 falchion; a +0 dagger; a +0 ring mail; a +0 dagger; a +0 leather armour The gnoll misses you.
The gnoll barely misses you. You block the gnoll's attack.
The gnoll closely misses you. The gnoll barely misses you.
The gnoll hits you from afar with a +0 halberd.
* * * LOW HITPOINT WARNING * * *
You see here a +0 flail.
The gnoll hits you from afar with a +0 halberd.
* * * LOW HITPOINT WARNING * * *
The gnoll hits you from afar with a +0 halberd!
You die...

.##.###.#...###.....#............
.##†# #.#...#########....######..
.##.# #......).....^+....# #..
.##.# ###...#########....#### ...
.##.#####...#########....##.. ...
###......................##.# ..
###....####)..##..).#####.#####
#....# #.g.##....# #.#.... #....#
#...@..<..# ##.#.... ######
#.........# #....... #.....###.#
#....... ###...###.# #..#####
#....##'####..# #8
#....#.÷..##..##8..
#....#....##..##...
#....#....###.#>...
#....##.÷.....##...


You could see a gnoll.

Vanquished Creatures
  A gnoll shaman (D:3)
  20 gnolls
  An adder (D:3)
  2 worms
  A dart slug (D:1)
  3 orcs (D:3)
  5 goblins
  2 hobgoblins
  21 jackals
  2 quokkas
  6 bats
  2 frilled lizards
  9 kobolds
  5 rats
80 creatures vanquished.

Notes
Turn   | Place    | Note
-------+----------+-------------------------------------------
     0 | D:1      | Erlindor the Vine Stalker Enchanter began the quest for the
                  | Orb.
     0 | D:1      | Reached XP level 1. HP: 9/9 MP: 4/4
   105 | D:1      | Reached skill level 1 in Short Blades
   252 | D:1      | Reached XP level 2. HP: 13/13 MP: 6/6
   468 | D:1      | Learned a level 2 spell: Ensorcelled Hibernation
   686 | D:1      | Reached skill level 4 in Stealth
  1214 | D:2      | Found a radiant altar of Vehumet.
  1309 | D:2      | Became a worshipper of Vehumet
  1713 | D:2      | Found a faded altar of an unknown god.
  1740 | D:2      | Reached XP level 3. HP: 16/16 MP: 7/7
  1808 | D:2      | Found a shadowy altar of Dithmenos.
  1808 | D:2      | Found a bloodstained altar of Trog.
  1809 | D:2      | Found a glowing silver altar of Zin.
  1832 | D:2      | Found a hazy altar of Hepliaklqana.
  3032 | D:2      | Gained mutation: Your natural rate of healing is unusually
                  | fast. [Vine Stalker growth]
  3032 | D:2      | Reached XP level 4. HP: 21/21 MP: 2/9
  3933 | D:3      | Noticed an ice beast
  4352 | D:3      | Reached XP level 5. HP: 24/24 MP: 3/10
  4456 | D:3      | Learned a level 3 spell: Confuse
  4761 | D:3      | Reached * piety under Vehumet
  4761 | D:3      | Offered knowledge of Shock by Vehumet.
  4913 | D:3      | Reached skill level 1 in Ice Magic
  4987 | D:3      | Reached skill level 5 in Stealth
  5165 | D:3      | Reached XP level 6. HP: 12/28 MP: 1/12
  5618 | D:3      | Slain by a gnoll

Levels and vault maps discovered:
D:1:      dpeg_arrival_simpleton_c, layout_basic
D:2:      layout_loops_cross, nicolae_overflow_quartered_altars,
          lemuel_coloured_pillars_altar, chequers_ecumenical_altar_lobes
D:3:      lemuel_castle_with_subvaults [lemuel_castle_interior_carwin_2],
          layout_basic, nicolae_overflow_hidden_temple, first_ration, uniq_ijyb

Skill      XL: |  1  2  3  4  5 |
---------------+----------------+-----
Short Blades   | 1 2 |  2.8
Stealth        | 4 5 |  5.0
Spellcasting   | 3 |  3.7
Ice Magic      | 1 |  1.8
Hexes          | 4 |  4.2
Dodging        | |  1.5

Action                   |  1- 3 |  4- 6 || total
-------------------------+-------+-------++-------
Melee: Dagger            |    55 |   103 ||   158
       Bite              |    10 |    15 ||    25
Throw: Stone             |     8 |    30 ||    38
 Cast: Corona            |     7 |       ||     7
       Ensorcelled Hiber |    23 |    73 ||    96
  Use: Scroll            |       |     4 ||     4
 Stab: Sleeping          |    14 |    39 ||    53
  Eat: Chunk             |     3 |    11 ||    14
       Ration            |     1 |     1 ||     2
Armor: Robe              |     7 |    18 ||    25
Dodge: Dodged            |    44 |    64 ||   108
Block: Buckler           |    11 |    25 ||    36

Table legend:
 A = Non-vault XP
 B = Vault XP
 C = Vault XP percentage of total XP
 D = Non-vault monster count
 E = Vault monster count
 F = Vault count percentage of total count
                 A         B        C        D         E       F
            +---------+---------+-------+---------+---------+-------
      Total |     151 |     303 |  66.7 |      46 |      34 |  42.5
            +---------+---------+-------+---------+---------+-------
        D:1 |      39 |       0 |   0.0 |      15 |       0 |   0.0
        D:2 |      62 |       8 |  11.4 |      12 |       4 |  25.0
        D:3 |      50 |     295 |  85.5 |      19 |      30 |  61.2
            +---------+---------+-------+---------+---------+-------
